 Dungeon Crawl Stone Soup version 0.21-a0-171-g0f4a3b6 (webtiles) character file.

37 Goblin1989 the Firebug (level 3, 19/19 HPs)
             Began as a Deep Elf Fire Elementalist on Aug 7, 2017.
             Quit the game on level 2 of the Dungeon.
             The game lasted 00:06:06 (1570 turns).

Goblin1989 the Firebug (Deep Elf Fire Elementalist) Turns: 1570, Time: 00:06:06

Health: 19/19      AC:  2    Str:  5    XL:     3   Next: 23%
Magic:  10/10      EV: 13    Int: 20    God:
Gold:   29         SH:  0    Dex: 15    Spells: 2/9 levels left

rFire    . . .     SeeInvis .   p - +0 dagger
rCold    . . .     Gourm    .   (no shield)
rNeg     . . .     Faith    .   a - +0 robe
rPois    .         Spirit   .   (no helmet)
rElec    .         Reflect  .   (no cloak)
rCorr    .         Harm     .   (no gloves)
MR       .....                  (no boots)
Stlth    ++........             (no amulet)
HPRegen  0.06/turn              (no ring)
MPRegen  0.12/turn              (no ring)

@: no status effects
A: no striking features
a: no special abilities


You were on level 2 of the Dungeon.
You were not hungry.

You visited 1 branch of the dungeon, and saw 2 of its levels.

You collected 29 gold pieces.

Inventory:

Hand Weapons
 p - a +0 dagger (weapon)
 t - a +0 hunting sling
Missiles
 s - 25 sling bullets
 X - 20 stones
 Z - 2 throwing nets (quivered) {!d}
Armour
 a - a +0 robe (worn)
Scrolls
 f - a scroll of enchant armour {unknown}
 j - a scroll of identify {unknown}
 m - a scroll of amnesia {unknown}
 n - 2 scrolls of remove curse {unknown}
 r - 2 scrolls of immolation {unknown}
 W - a scroll of blinking {unknown}
Potions
 g - 2 potions of magic {unknown}
 h - a potion of mutation {unknown}
 l - a potion of curing {unknown}
Books
 b - a book of Flames

   Spells                             Type                      Level
   a - Flame Tongue                   Conjuration/Fire             1
   b - Throw Flame                    Conjuration/Fire             2
   c - Conjure Flame                  Conjuration/Fire             3
   d - Inner Flame                    Hexes/Fire                   3
   e - Sticky Flame                   Conjuration/Fire             4
   f - Fireball                       Conjuration/Fire             5
Comestibles
 e - a bread ration {@e1}
 i - a meat ration {@e2}
 Y - 2 chunks of flesh


   Skills:
 - Level 2.4 Dodging
 - Level 2.4 Stealth
 + Level 3.5 Spellcasting
 * Level 2.5 Conjurations
 * Level 3.7 Fire Magic


You had 2 spell levels left.
You knew the following spells:

 Your Spells              Type           Power        Failure   Level  Hunger
a - Flame Tongue          Conj/Fire      ###..        3%          1    None
b - Inner Flame           Hex/Fire       ##......     19%         3    ###....
j - Conjure Flame         Conj/Fire      ###.....     11%         3    ###....


Dungeon Overview and Level Annotations

Branches:
Dungeon (2/15)

Altars:
Gozag
The Shining One


Message History

You miscast Flame Tongue.
You are very lightly contaminated with residual magic.
Wisps of smoke drift from your hands.
The kobold throws a stone.
The stone hits you but does no damage.
You now have 9/10 mp.
Casting: Flame Tongue
Confirm with . or Enter, or press ? or * to list all spells.
Aiming: Flame Tongue
Press: ? - help, Shift-Dir - straight line, f/p - kobold
Aim: a kobold, wielding a short sword The flame tongue hits the kobold.
You kill the kobold!
You now have 8/10 mp.
Casting: Flame Tongue
Confirm with . or Enter, or press ? or * to list all spells.
You can't see any susceptible monsters within range! (Use Z to cast anyway.)
Casting: Flame Tongue
Confirm with . or Enter, or press ? or * to list all spells.
You can't see any susceptible monsters within range! (Use Z to cast anyway.)
Casting: Flame Tongue
Confirm with . or Enter, or press ? or * to list all spells.
You can't see any susceptible monsters within range! (Use Z to cast anyway.) HP restored.
X - 19 stones (gained 2) Health restored: 19; MP restored: 10 Your magical contamination has completely faded away.
You see here a +0 club.
X - 20 stones (gained 1)
You see here a +0 club.
You see here a short sword.
W - a scroll labeled URYGAX KAOMIV You open the door.
A hobgoblin comes into view.
The hobgoblin shouts!
Found a stone staircase leading up.
Casting: Flame Tongue
Confirm with . or Enter, or press ? or * to list all spells.
Aiming: Flame Tongue
Press: ? - help, Shift-Dir - straight line, f - hobgoblin
Aim: a hobgoblin The flame tongue hits the hobgoblin.
The hobgoblin is severely wounded.
The hobgoblin hits you.
You take 2 damage, and have 17/19 hp.
You now have 9/10 mp.
Casting: Flame Tongue
Confirm with . or Enter, or press ? or * to list all spells.
Aiming: Flame Tongue
Press: ? - help, Shift-Dir - straight line, f/p - hobgoblin
Aim: a hobgoblin (severely wounded)
The flame tongue hits the hobgoblin.
You kill the hobgoblin!
You now have 8/10 mp.
Casting: Flame Tongue
Confirm with . or Enter, or press ? or * to list all spells.
You can't see any susceptible monsters within range! (Use Z to cast anyway.)
You butcher the hobgoblin corpse.
Y - 4 chunks of flesh (gained 3) Health restored: 19; MP restored: 10 Some of the chunks of flesh in your inventory have rotted away.
There is a stone staircase leading up here.
Key pressed, stopping explore.
r - 2 scrolls labeled ORYID RURERE (gained 1) Eating one of 3 chunks of flesh.
You eat one of the 3 chunks of flesh.
This raw flesh tastes terrible.
Found a glowing golden altar of the Shining One.
No target in view!
A gnoll comes into view.
It is wielding a whip. 2 gnolls come into view.
The gnoll shouts! x3
There is a stone staircase leading up here.
You climb upwards.
There is a stone staircase leading down here.
Memorise Conjure Flame, consuming 3 spell levels and leaving 5?
You start memorising the spell.
You continue memorising. x3
You finish memorising.
Spell assigned to 'j'.
Memorise Inner Flame, consuming 3 spell levels and leaving 2?
You start memorising the spell.
You continue memorising. x3
You finish memorising.
Spell assigned to 'b'.
Unknown command.
There is a stone staircase leading down here.
You climb downwards.
A kobold comes into view.
There is a stone staircase leading up here.
Casting: Flame Tongue
Confirm with . or Enter, or press ? or * to list all spells.
Aiming: Flame Tongue
Press: ? - help, Shift-Dir - straight line, f - kobold
Aim: a kobold (resting)
The flame tongue hits the kobold.
You kill the kobold!
You now have 9/10 mp.
Magic restored.
An adder comes into view.
The adder hisses angrily.
MP restored: 10 Saving game... please wait.
You become an efreet!
Welcome back, Goblin1989 the Deep Elf Fire Elementalist.
Press ? for a list of commands and other information.
Are you sure you want to abandon this character and quit the game? (Confirm with "yes".)

>...∆.......)....................
....███████████████████.█........
....█ .█ █.....████. ....█
████.████████....[ ....█
.................. ....█
█....█.█.████.███. ....█ █....█
█.█ █. ....█ █....█ █.█ █.
████@.?.█ █.█ █. █.......█ ..█ █.
█<......█ ███ █. █......██ █.
█......... █. █...██S.... █.
█...█ ..... █. █...█ ..... █████.
█...█ .... █.....


You could see an adder.

Vanquished Creatures
  An adder (D:2)
  2 dart slugs (D:1)
  A giant cockroach (D:2)
  3 goblins
  3 hobgoblins
  4 jackals
  3 kobolds
  2 ball pythons (D:1)
  A bat (D:1)
  2 frilled lizards
  2 rats (D:1)
24 creatures vanquished.

Notes
Turn   | Place    | Note
-------+----------+-------------------------------------------
     0 | D:1      | Goblin1989 the Deep Elf Fire Elementalist began the quest for the Orb.
     0 | D:1      | Reached XP level 1. HP: 10/10 MP: 6/6
   375 | D:1      | Reached XP level 2. HP: 15/15 MP: 6/8
   916 | D:2      | Found an opulent altar of Gozag.
  1208 | D:2      | Reached XP level 3. HP: 19/19 MP: 7/10
  1472 | D:2      | Found a glowing golden altar of the Shining One.
  1512 | D:1      | Learned a level 3 spell: Conjure Flame
  1516 | D:1      | Learned a level 3 spell: Inner Flame
  1570 | D:2      | Quit the game

Vault maps used:
D:1:      minmay_arrival_cross
D:2:      lemuel_crystal_altar, old_standard_altar

Skill      XL: |  1  2 |
---------------+-------+-----
Conjurations   | 2 |  2.5
Dodging        | |  2.4
Stealth        | |  2.4
Spellcasting   | |  3.5
Fire Magic     | |  3.7

Action                   || total
-------------------------++-------
 Cast: Flame Tongue      ||    42
  Eat: Chunk             ||     2
Dodge: Dodged            ||    11

Vault maps used:
D:1:      minmay_arrival_cross
D:2:      lemuel_crystal_altar, old_standard_altar
